 Dungeon Crawl Stone Soup version 0.29-a0-1033-gb6c65ffae6 (webtiles) character file.

Game seed: 1069780450883480653

747 ragingrage the Spear-Bearer (level 7, -3/57 HPs)
             Began as a Merfolk Wanderer on Aug 14, 2022.
             Was an Initiate of Okawaru.
             Slain by Blork the orc
             ... wielding a +0 trident
              (7 damage)
             ... on level 5 of the Dungeon.
             The game lasted 00:07:49 (6010 turns).

ragingrage the Spear-Bearer (Merfolk Wanderer)      Turns: 6010, Time: 00:07:50

Health: -3/57      AC: 11    Str: 14    XL:     7   Next: 77%
Magic:  11/11      EV:  6    Int: 11    God:    Okawaru [......]
Gold:   117        SH:  7    Dex: 14    Spells: 12/12 levels left

rFire   . . .      SeeInvis .   a - +0 trident
rCold   . . .      Faith    .   e - +2 buckler
rNeg    . . .      Spirit   .   p - +1 chain mail {rPois}
rPois   +          Reflect  .   (no helmet)
rElec   .          Harm     .   s - +0 cloak
rCorr   .          Rampage  .   y - +0 pair of gloves
Will    .....                   (no boots)
Stlth   ..........              (no amulet)
HPRegen 0.19/turn               (no ring)
MPRegen 0.12/turn               (no ring)

@: hasted, very quick
A: (nimble swimmer 2), mertail
a: Renounce Religion


You were on level 5 of the Dungeon.
You worshipped Okawaru.
Okawaru was noncommittal.
You visited 1 branch of the dungeon, and saw 5 of its levels.

You collected 212 gold pieces.
You spent 95 gold pieces at shops.

Inventory:

Hand Weapons
 a - a +0 trident (weapon)
 b - a +4 sling
 F - the +5 dagger "Trog's Wrath" {holy, Fly rElec Dex+3}
   (You found it on level 4 of the Dungeon)

   It has been blessed by the Shining One to cause great damage to the undead
   and demons.
   Dex:       It affects your dexterity (+3).
   rElec:     It insulates you from electricity.
   Fly:       It grants you flight.
 H - a +0 flail of draining
Missiles
 I - 2 poisoned darts
Armour
 e - a +2 buckler (worn)
 p - a +1 chain mail of poison resistance (worn)
 s - a +0 cloak (worn)
 y - a +0 pair of gloves (worn)
 D - a +0 kite shield
Wands
 q - a wand of digging (6)
 v - a wand of flame (6) (quivered)
 G - a wand of iceblast (5)
Scrolls
 c - 3 scrolls of blinking
 d - a scroll of fear {unknown}
 f - 2 scrolls of amnesia {unknown}
 g - 6 scrolls of teleportation
 h - a scroll of magic mapping {unknown}
 j - a scroll of acquirement {unknown}
 l - 2 scrolls of identify {unknown}
 r - a scroll of noise {unknown}
 t - a scroll of enchant armour {unknown}
 u - a scroll of vulnerability {unknown}
 w - a scroll of fog {unknown}
Potions
 i - 2 potions of haste
 k - 2 potions of might {unknown}
 m - 3 potions of degeneration {unknown}
 n - a potion of heal wounds {unknown}
 o - a potion of ambrosia {unknown}
 x - a potion of flight {unknown}
 z - a potion of lignification {unknown}
 A - 2 potions of attraction {unknown}
 B - a potion of cancellation {unknown}
 C - 2 potions of berserk rage {unknown}
 E - a potion of curing {unknown}


   Skills:
 - Level 5.6 Fighting
 * Level 8.8 Polearms
 - Level 3.0 Dodging
 - Level 3.0 Shields
 - Level 3.0 Spellcasting


You had 12 spell levels left.
You didn't know any spells.
Your spell library contained the following spells:

 Spells                   Type           Power      Damage    Failure   Level
 Passwall                 Tmut/Erth      0%         N/A       100%        2
 Wereblood                Tmut           1%         N/A       100%        2
 Inner Flame              Hex/Fire       1%         N/A       100%        3
 Cause Fear               Hex            0%         N/A       100%        4
 Blade Hands              Tmut           0%         N/A       100%        5
 Iron Shot                Conj/Erth      0%         9d1       100%        6
 Discord                  Hex            0%         N/A       100%        8
 Animate Armour           Summ/Erth      Unusable   N/A       N/A         4
 Summon Ice Beast         Ice/Summ       Unusable   N/A       N/A         4
 Summon Mana Viper        Hex/Summ       Unusable   N/A       N/A         5
 Monstrous Menagerie      Summ           Unusable   N/A       N/A         7

Dungeon Overview and Level Annotations

Branches:
Dungeon (5/15)
 Temple: D:4-7

Altars:
Gozag
Okawaru
Vehumet
Xom
Zin

Shops:
D:1 :   D:3 ((:*(   D:5 (

Annotations:
D:5 Blork the orc


Innate Abilities, Weirdness & Mutations

((You are very nimble when in or above water. (Stealth+, EV+, Speed+++)))
Your lower body shifts to a powerful aquatic tail in water.


Message History

Aim: an orc warrior, wielding a +0 long sword, wearing a +0 chain mail and wearing a +0 kite shield (almost dead, about 36% to evade your +0 trident)
You barely miss the orc warrior.
The orc warrior is almost dead.
You block Blork the orc's attack. You block the orc warrior's attack.
Blork the orc hits you from afar with a +0 trident.
Reach: a) +0 trident
Press: ? - help, Dir - move target, f/p - orc warrior
Aim: an orc warrior, wielding a +0 long sword, wearing a +0 chain mail and wearing a +0 kite shield (almost dead, about 36% to evade your +0 trident)
You barely miss the orc warrior.
The orc warrior is almost dead.
The orc warrior hits you with a +0 long sword!
You block Blork the orc's attack.
Reach: a) +0 trident
Press: ? - help, Dir - move target, f/p - orc warrior
Aim: an orc warrior, wielding a +0 long sword, wearing a +0 chain mail and wearing a +0 kite shield (almost dead, about 36% to evade your +0 trident)
You closely miss the orc warrior.
The orc warrior is almost dead.
You block Blork the orc's attack.
The orc warrior hits you with a +0 long sword!
Blork the orc hits you from afar with a +0 trident.
Reach: a) +0 trident
Press: ? - help, Dir - move target, f/p - orc warrior
Aim: an orc warrior, wielding a +0 long sword, wearing a +0 chain mail and wearing a +0 kite shield (almost dead, about 36% to evade your +0 trident)
You closely miss the orc warrior.
The orc warrior is almost dead.
You block the orc warrior's attack.
Blork the orc hits you but does no damage.
Reach: a) +0 trident
Press: ? - help, Dir - move target, f/p - orc warrior
Aim: an orc warrior, wielding a +0 long sword, wearing a +0 chain mail and wearing a +0 kite shield (almost dead, about 36% to evade your +0 trident)
The orc warrior blocks your attack.
The orc warrior is almost dead.
Blork the orc hits you from afar with a +0 trident.
You block the orc warrior's attack.
It was a potion of haste.
You feel yourself speed up.
Blork the orc hits you but does no damage.
The orc warrior hits you with a +0 long sword!!
* * * LOW HITPOINT WARNING * * *
Blork the orc hits you from afar with a +0 trident!
You die...

#.# #.# #.# #.# #.#
#######.#############
#...............)....
#.#####.#############
#>..@o...............
######o########......
..............##......
#######.#####.........
#o# ####...... ...
#...... #... #......
.... #...... ......
#......


You could see Blork the orc (fast) and an orc warrior.

Vanquished Creatures
  Edmund (D:4)
  A black bear (D:4)
  An ice beast (D:5)
  2 scorpions (D:5)
  A gnoll sergeant (D:5)
  A wight (D:5)
  A howler monkey (D:5)
  A hound (D:5)
  Terence (D:3)
  An orc wizard (D:5)
  3 adders
  4 dart slugs
  5 orcs
  9 bats
  8 endoplasms
  A giant cockroach (D:4)
  3 goblins
  10 hobgoblins
  13 kobolds
  8 quokkas
  5 ball pythons
  7 frilled lizards
  6 rats
93 creatures vanquished.

Notes
Turn   | Place    | Note
-------+----------+-------------------------------------------
     0 | D:1      | ragingrage the Merfolk Wanderer began the quest for the
                  | Orb.
     0 | D:1      | ragingrage set off with the following items: a +0 dagger, a
                  | +0 cloak, a scroll of blinking, a +0 robe, a +2 buckler;
                  | and the following spells available to memorise: Passwall,
                  | Wereblood.
     0 | D:1      | Reached XP level 1. HP: 18/18 MP: 4/4
   264 | D:1      | Reached XP level 2. HP: 24/24 MP: 6/6
   806 | D:1      | Found Reogodic's Book Shoppe.
  1054 | D:1      | Reached XP level 3. HP: 30/30 MP: 7/7
  1541 | D:2      | You fall into a shaft and drop 1 floor!
  1745 | D:3      | Found Kiybas's Weapon Shop.
  1753 | D:3      | Bought 2 poisoned darts for 11 gold pieces
  2223 | D:3      | Found an opulent altar of Gozag.
  2261 | D:3      | Found a glowing silver altar of Zin.
  2272 | D:3      | Found Neca's Assorted Antiques.
  2303 | D:3      | Noticed Terence
  2402 | D:2      | Reached XP level 4. HP: 36/38 MP: 8/8
  2648 | D:2      | Reached skill level 5 in Fighting
  3255 | D:3      | Found Lafoqoth's Weapon Boutique.
  3358 | D:3      | Killed Terence
  3538 | D:3      | Reached XP level 5. HP: 44/44 MP: 9/9
  3556 | D:3      | Found a radiant altar of Vehumet.
  3612 | D:3      | Found Kaxunlan's Book Shop.
  3678 | D:3      | Found Gorere's Antique Weapon Emporium.
  3817 | D:4      | Noticed a black bear
  3868 | D:3      | Bought a twisted brass wand for 84 gold pieces
  3934 | D:4      | Identified the +5 dagger "Trog's Wrath" {holy, Fly rElec
                  | Dex+3}
  4024 | D:4      | Noticed Edmund
  4039 | D:5      | Entered Level 5 of the Dungeon
  4121 | D:5      | Found Guugukall's Weapon Emporium.
  4128 | D:5      | Reached skill level 2 in Polearms
  4149 | D:5      | Reached skill level 3 in Polearms
  4328 | D:5      | Noticed an ice beast
  4332 | D:5      | Killed an ice beast
  4333 | D:5      | Reached skill level 4 in Polearms
  4333 | D:5      | Reached XP level 6. HP: 52/52 MP: 10/10
  4378 | D:5      | Reached skill level 5 in Polearms
  4749 | D:5      | Reached skill level 6 in Polearms
  4785 | D:5      | Noticed an orc warrior
  5125 | D:4      | Found an iron altar of Okawaru.
  5131 | D:4      | Became a worshipper of Warmaster Okawaru
  5157 | D:4      | Found a shimmering altar of Xom.
  5306 | D:4      | Killed a black bear
  5307 | D:4      | Reached skill level 7 in Polearms
  5307 | D:4      | Reached XP level 7. HP: 36/57 MP: 11/11
  5316 | D:4      | Killed Edmund
  5614 | D:5      | Reached skill level 8 in Polearms
  5992 | D:5      | Noticed Blork the orc
  6010 | D:5      | Slain by Blork the orc

Illustrated notes

Levels and vault maps discovered:
D:1:      nzn_arrival_crosshair, layout_basic, serial_shops, shop,
          roderic_roman_lattice
D:2:      layout_basic, serial_corexii_hall, chequers_hall_statues_corner_a,
          corexii_hall_statues_l, corexii_hall_statues_l,
          corexii_hall_statues_deadend, corexii_hall_statues_s,
          chequers_hall_statues_wall_a, kennysheep_path_1, minmay_tripent
D:3:      layout_rooms, mainiacjoe_overflow_24_doors,
          pdpol_temple_overflow_zin_treasury_gozag_greed, serial_shops, shop,
          shop, nicolae_lakefront_shop, nicolae_shop_trees, nicolae_square_shop,
          minmay_bisected, uniq_terence
D:4:      layout_basic, mainiacjoe_overflow_two_lobes, corexii_hall_statues_t,
          uniq_edmund
D:5:      layout_basic, serial_shops, nicolae_shop_advertising_works
          [nicolae_subvault_shop_adworks], minivault_19, minmay_misc_feat_tiny,
          nrook_pool_corridor, sword_in_stone

Skill      XL: |  1  2  3  4  5  6  7 |
---------------+----------------------+-----
Dodging        | 2 3 |  3.0
Fighting       | 4 5 |  5.6
Polearms       | 4 7 8 |  8.8
Shields        | |  3.0
Spellcasting   | |  3.0

Action                   |  1- 3 |  4- 6 |  7- 9 || total
-------------------------+-------+-------+-------++-------
Melee: Dagger            |    92 |       |       ||    92
       Short sword       |    73 |       |       ||    73
       Trident           |    79 |   147 |    58 ||   284
       Tailslap          |       |     1 |       ||     1
 Fire: Sling             |       |     4 |     4 ||     8
Throw: Dart              |     2 |     5 |       ||     7
Evoke: Wand              |       |    10 |     4 ||    14
  Use: Scroll            |       |     2 |       ||     2
       Potion            |       |     1 |     1 ||     2
 Stab: Sleeping          |     3 |       |       ||     3
Armor: Robe              |    38 |       |       ||    38
       Chain mail        |    34 |    69 |    19 ||   122
Dodge: Dodged            |   129 |    43 |     4 ||   176
Block: Buckler           |   113 |    46 |    17 ||   176

Table legend: (Time is in decaauts)
 A = Elapsed time spent in this place.
 B = Non-inter-level travel time spent in this place.
 C = Inter-level travel time spent in this place.
 D = Time resting spent in this place.
 E = Time spent auto-exploring this place.
 F = Levels seen in this place.
 G = Mean time per level.
                   A        B        C        D        E       F      G
               +--------+--------+--------+--------+--------+-----+--------+
         Total |   6075 |   5714 |    361 |   1091 |   3373 |   5 | 1215.0 |
       Dungeon |   6075 |   5714 |    361 |   1091 |   3373 |   5 | 1215.0 |
               +--------+--------+--------+--------+--------+-----+--------+

Top non-repeatable levels by time:
     D:1: 1502 daAuts
     D:3: 1371 daAuts
     D:5: 1246 daAuts
     D:2: 1054 daAuts
     D:4: 899 daAuts
